 Dungeon Crawl Stone Soup version 0.23-a0-395-gcf17ac6c65 (webtiles) character file.

85591 Napalmbreeze the Eclecticist (level 15, -2/92 HPs)
             Began as a Deep Elf Fire Elementalist on Nov 1, 2018.
             Was a High Priest of Vehumet.
             Shot with a bolt by a yaktaur (28 damage)
             ... on level 15 of the Dungeon.
             The game lasted 01:24:50 (28180 turns).

Napalmbreeze the Eclecticist (DEFE)                Turns: 28180, Time: 01:24:51

Health: -2/92      AC:  8    Str: 10    XL:     15   Next: 38%
Magic:  1/37       EV: 19    Int: 31    God:    Vehumet [*****.]
Gold:   1608       SH:  0    Dex: 15    Spells: 16/47 levels left

rFire    . . .     SeeInvis +   M - +2 demon blade (vamp)
rCold    + . .     Gourm    .   (no shield)
rNeg     . . .     Faith    +   a - +0 robe
rPois    +         Spirit   .   K - +2 hat of Courage {Int+4 Slay-2 SInv}
rElec    .         Reflect  .   P - +1 cloak {rPois}
rCorr    .         Harm     .   p - +1 pair of gloves
MR       +....                  (no boots)
Stlth    ++........             x - amulet of the Tarantula {Faith *Drain rPois Str+5}
HPRegen  0.25/turn              (no ring)
MPRegen  0.25/turn              h - ring of protection from cold

@: no status effects
A: no striking features
a: Renounce Religion


You were on level 15 of the Dungeon.
You worshipped Vehumet.
Vehumet was extremely pleased with you.
You were hungry.

You visited 3 branches of the dungeon, and saw 22 of its levels.
You also visited: Sewer and Bailey.

You collected 1608 gold pieces.

Inventory:

Hand Weapons
 M - a +2 vampiric demon blade (weapon)
Armour
 a - a +0 robe (worn)
 p - a +1 pair of gloves (worn)
 K - the +2 hat of Courage (worn) {Int+4 Slay-2 SInv}
   (You found it on level 9 of the Dungeon)

   It affects your intelligence (+4).
   It affects your accuracy and damage with ranged weapons and melee attacks
   (-2).
   It lets you see invisible.
 P - a +1 cloak of poison resistance (worn)
Jewellery
 h - a ring of protection from cold (right hand)
 o - an uncursed ring of protection from magic
 x - the amulet of the Tarantula (around neck) {Faith *Drain rPois Str+5}
   (You found it on level 6 of the Dungeon)

   [amulet of faith]

   It allows you to gain divine favour quickly.
   It affects your strength (+5).
   It protects you from poison.
   It causes draining when unequipped.
 I - the amulet of Vodwiji {+Blink rF+ Regen+ Dex-2 SInv}
   (You acquired it on level 6 of the Lair of Beasts)

   [amulet of regeneration]

   It affects your dexterity (-2).
   It protects you from fire.
   It lets you see invisible.
   It lets you blink.
   It increases your rate of regeneration.
 J - a +3 amulet of reflection {unknown}
 L - an uncursed ring of magical power
 N - an uncursed ring of resist corrosion
Wands
 g - a wand of flame (7)
 j - a wand of paralysis (5)
 m - a wand of digging (10)
 B - a wand of acid (13)
 G - a wand of scattershot (5)
 H - a wand of iceblast (2)
Scrolls
 b - 5 scrolls of magic mapping
 d - 4 scrolls of teleportation
 e - 6 scrolls of remove curse
 f - 3 scrolls of enchant armour
 q - 5 scrolls of fog
 s - 7 scrolls of amnesia
 t - a scroll of holy word
 u - 6 scrolls of enchant weapon
Potions
 i - 3 potions of curing
 k - 4 potions of haste
 l - 5 potions of agility
 n - a potion of magic
 r - 2 potions of might {unknown}
 v - 7 potions of flight {unknown}
 w - 9 potions of heal wounds {unknown}
 z - 3 potions of brilliance
 A - 3 potions of mutation {unknown}
 C - 4 potions of lignification {unknown}
 D - a potion of ambrosia {unknown}
 O - a potion of resistance {unknown}
 Q - a potion of berserk rage {unknown}
 U - 2 potions of cancellation {unknown}
Comestibles
 c - 38 rations


   Skills:
 + Level 10.1 Fighting
 - Level 10.2 Dodging
 - Level 2.4 Stealth
 + Level 16.9 Spellcasting
 + Level 13.2 Conjurations
 - Level 10.8 Fire Magic
 + Level 6.1 Ice Magic
 + Level 4.2 Earth Magic
 - Level 8.0 Poison Magic
 - Level 8.0 Evocations


You had 16 spell levels left.
You knew the following spells:

 Your Spells              Type           Power        Failure   Level  Hunger
a - Flame Tongue          Conj/Fire      #####        0%          1    None
c - Olgreb's Toxic Radia  Pois           ######..     1%          4    None
d - Conjure Flame         Conj/Fire      #######.     1%          3    None
e - Fireball              Conj/Fire      #######...   1%          5    None
f - Sticky Flame          Conj/Fire      #######.     1%          4    None
g - Iron Shot             Conj/Erth      ######....   1%          6    ##.....
r - Bolt of Cold          Conj/Ice       ######....   1%          6    ##.....
s - Throw Flame           Conj/Fire      ######       0%          2    None

Your spell library contained the following spells:

 Spells                   Type           Power        Failure   Level  Hunger
 Magic Dart               Conj           ####         0%          1    None
 Confusing Touch          Hex            ####..       1%          1    None
 Sandblast                Erth           ######       1%          1    None
 Passwall                 Tmut/Erth      #####...     1%          2    None
 Inner Flame              Hex/Fire       ######..     1%          3    None
 Mephitic Cloud           Conj/Pois/Air  ######..     1%          3    None
 Stone Arrow              Conj/Erth      ######       1%          3    None
 Blink                    Tloc           N/A          2%          2    None
 Call Imp                 Summ           ####....     2%          2    None
 Corpse Rot               Necr           N/A          2%          2    None
 Slow                     Hex            ####....     2%          2    None
 Lee's Rapid Deconstruct  Erth           ######....   2%          5    None
 Confuse                  Hex            ####....     4%          3    None
 Gell's Gravitas          Tloc           ####......   4%          3    None
 Conjure Ball Lightning   Conj/Air       ######....   4%          6    ##.....
 Leda's Liquefaction      Hex/Erth       #####.....   7%          4    None
 Petrify                  Tmut/Erth      #####...     7%          4    None
 Yara's Violent Unravell  Hex/Tmut       ####......   12%         5    None
 Metabolic Englaciation   Hex/Ice        #####.....   13%         5    None
 Cause Fear               Hex            ####......   16%         4    None
 Summon Lightning Spire   Summ/Air       ####....     16%         4    None
 Silence                  Hex/Air        ####......   41%         5    None
 Summon Forest            Summ/Tloc      ####......   41%         5    None
 Deflect Missiles         Chrm/Air       ####......   94%         6    ##.....
 Hydra Form               Tmut           ####......   94%         6    ##.....
 Summon Hydra             Summ           ####......   100%        7    ####...
 Discord                  Hex            ####......   100%        8    ######.
 Tornado                  Air            ####......   100%        9    #######


Dungeon Overview and Level Annotations

Branches:
Dungeon (15/15)            Temple (1/1) D:4            Lair (6/6) D:9
  Swamp (0/4) Lair:2       Spider (0/4) Lair:2        Slime (0/5) Lair:6
    Orc (0/2) D:11         Vaults (0/5) D:13
 Depths: D:15

Altars:
Ashenzari
Okawaru
Vehumet
Wu Jian
Zin
The Shining One
Jiyva


Message History

The yaktaur shouts!
The yaktaur wields a +0 arbalest.
The yaktaur shoots a bolt.
The bolt hits you!
* * * LOW HITPOINT WARNING * * *
Evoke which item? (* to show all) (? for menu, Esc to quit)
Aiming: Iceblast
Press: ? - help, Shift-Dir - straight line Out of range.
Okay, then.
Evoke which item? (* to show all) (? for menu, Esc to quit)
Okay, then.
Casting: Fireball (safe; 1% risk of failure)
Confirm with . or Enter, or press ? or * to list all spells.
Aiming: Fireball (safe; 1% risk of failure)
Press: ? - help, Shift-Dir - straight line The fireball explodes!
The fireball engulfs the yaktaur.
The yaktaur is almost dead.
Evoke which item? (* to show all) (? for menu, Esc to quit)
Okay, then.
The yaktaur shoots a bolt.
The bolt hits you!!
You die...

. .. ...
.... ..)..
#.).O####
###.))..##
..c..)).@(#
...#..#..##
(... .
#######
.... ......
.....C
....# #..##
#....


You could see a two-headed ogre (paralysed) and a yaktaur.

Vanquished Creatures
  Louise (D:15)
  Nessos (D:15)
  A dire elephant (shapeshifter) (D:13)
  Josephine (D:14)
  2 ogre magi (D:15)
  2 catoblepae
  7 hydras
  3 centaur warriors
  2 dancing weapons (D:13)
  5 death yaks (Lair:6)
  9 two-headed ogres
  A fire crab (shapeshifter) (D:14)
  Nergalle (D:12)
  5 skeletal warriors
  2 unseen horrors
  A wizard (D:14)
  2 deep elf magi
  An orc knight (Bailey)
  A wolf spider zombie (D:15)
  A harpy (shapeshifter) (D:13)
  9 ugly things
  4 cyclopes
  2 manticores
  A black mamba (Lair:6)
  10 elephants (Lair:4)
  A guardian serpent (D:10)
  Maurice (D:8)
  2 torpor snails
  16 spiny frogs
  4 rime drakes
  3 centaur skeletons
  2 kobold demonologists
  10 komodo dragons
  5 trolls
  2 tengu conjurers
  A queen bee (Lair:3)
  A harpy zombie (D:13)
  5 polar bears
  3 hornets (Lair:6)
  12 blink frogs
  8 dream sheep
  5 hippogriffs
  A spriggan (shapeshifter) (D:11)
  3 redbacks (Lair:2)
  11 spriggans
  5 wraiths
  42 yaks
  A shadow (D:14)
  A vampire (D:12)
  A wyvern (D:15)
  2 hungry ghosts
  Grum (D:8)
  2 basilisks
  3 vampire mosquitoes (Lair:2)
  5 ice beasts
  7 water moccasins
  Duvessa (D:5)
  A swamp drake (D:9)
  7 porcupines
  A hornet zombie (D:13)
  14 orc warriors
  5 sky beasts
  5 black bears
  2 necrophages
  An eye of draining (D:12)
  5 ogres
  21 wolves
  3 boggarts (Lair:6)
  17 centaurs
  14 crocodiles
  4 big kobolds
  15 bullfrogs
  Dowan (D:5)
  2 water moccasin zombies (D:8)
  4 scorpions
  25 killer bees (Lair:3)
  17 wights
  13 howler monkeys
  5 electric eels
  3 centaur zombies
  4 crimson imps
  A bullfrog zombie (D:7)
  3 quasits
  An iron imp (D:9)
  7 orc priests
  7 hounds
  6 jellies
  2 bullfrog skeletons
  2 gnoll shamans
  2 iguanas
  15 orc wizards
  4 worker ants
  6 hell rats (Lair:4)
  A hound skeleton (D:6)
  2 worker ant zombies
  9 gnolls
  14 adders
  5 shadow imps
  3 oozes (Sewer)
  2 adder skeletons
  8 worms
  7 leopard geckos
  56 orcs
  5 ball pythons
  4 giant cockroaches
  6 goblins
  6 hobgoblins
  20 jackals
  26 kobolds
  8 quokkas
  8 bats
  7 frilled lizards
  A giant cockroach zombie (D:6)
  A quokka skeleton (D:6)
  8 rats
694 creatures vanquished.

Vanquished Creatures (others)
  A deep elf mage (D:9)
  An orc wizard (D:9)
  A white imp (D:9)
  5 orcs (D:9)
  14 fungi
  5 plants
27 creatures vanquished.

Grand Total: 721 creatures vanquished

Notes
Turn   | Place    | Note
-------+----------+-------------------------------------------
     0 | D:1      | Napalmbreeze the Deep Elf Fire Elementalist began the quest
                  | for the Orb.
     0 | D:1      | Reached XP level 1. HP: 10/10 MP: 6/6
   302 | D:1      | Reached XP level 2. HP: 15/15 MP: 5/8
   643 | D:1      | Learned a level 2 spell: Throw Flame
  1078 | D:2      | Found an iron altar of Okawaru.
  1439 | D:2      | Reached XP level 3. HP: 12/19 MP: 2/10
  1580 | D:2      | Learned a level 3 spell: Conjure Flame
  2086 | D:3      | Reached XP level 4. HP: 24/24 MP: 8/11
  2095 | D:3      | Learned a level 4 spell: Sticky Flame
  2357 | D:3      | Reached skill level 4 in Spellcasting
  3317 | D:4      | Found a glowing drain.
  3353 | Sewer    | Entered a sewer
  3380 | Sewer    | Noticed a big kobold
  3386 | Sewer    | Killed a big kobold
  3386 | Sewer    | Reached XP level 5. HP: 9/28 MP: 4/13
  3690 | Sewer    | Reached skill level 5 in Spellcasting
  3690 | Sewer    | Reached skill level 5 in Conjurations
  3690 | Sewer    | Reached XP level 6. HP: 20/32 MP: 1/15
  4359 | D:4      | Reached skill level 5 in Fire Magic
  4523 | D:4      | Found a staircase to the Ecumenical Temple.
  4559 | Temple   | Entered the Ecumenical Temple
  4618 | Temple   | Became a worshipper of Vehumet
  5033 | D:5      | Entered Level 5 of the Dungeon
  5157 | D:5      | Reached XP level 7. HP: 36/36 MP: 11/17
  5197 | D:5      | Noticed Duvessa
  5202 | D:5      | Killed Duvessa
  5403 | D:5      | Reached skill level 6 in Spellcasting
  5477 | D:5      | Noticed Dowan
  5484 | D:5      | Killed Dowan
  5686 | D:5      | Found an ornate altar of the Wu Jian Council.
  6327 | D:6      | Reached XP level 8. HP: 25/41 MP: 12/20
  6503 | D:6      | Learned a level 5 spell: Fireball
  6512 | D:6      | Reached skill level 7 in Spellcasting
  6618 | D:6      | Reached * piety under Vehumet
  6618 | D:6      | Offered knowledge of Magic Dart by Vehumet.
  6770 | D:6      | Got a transparent tin amulet
  6772 | D:6      | Identified the amulet of the Tarantula {Faith *Drain rPois
                  | Str+5} (You found it on level 6 of the Dungeon)
  7405 | D:7      | Reached skill level 8 in Spellcasting
  7565 | D:7      | Reached XP level 9. HP: 45/45 MP: 13/23
  7575 | D:7      | Reached ** piety under Vehumet
  7637 | D:7      | Offered knowledge of Freeze by Vehumet.
  8127 | D:7      | Reached skill level 10 in Conjurations
  8255 | D:7      | Reached skill level 9 in Spellcasting
  8666 | D:8      | Offered knowledge of Throw Frost by Vehumet.
  8710 | D:8      | Reached skill level 1 in Fighting
  8828 | D:8      | Noticed Maurice
  8844 | D:8      | Killed Maurice
  8989 | D:8      | Reached *** piety under Vehumet
  9359 | D:8      | Noticed Grum
  9388 | D:8      | Reached XP level 10. HP: 27/54 MP: 16/25
  9400 | D:8      | Killed Grum
  9588 | D:8      | Reached skill level 10 in Spellcasting
 10313 | D:9      | Offered knowledge of Static Discharge by Vehumet.
 10691 | D:9      | Reached **** piety under Vehumet
 10723 | D:9      | Killed a deep elf mage
 10751 | D:9      | Offered knowledge of Fulminant Prism by Vehumet.
 10880 | D:9      | Noticed a deep elf mage
 10888 | D:9      | Killed a deep elf mage
 10888 | D:9      | Reached skill level 1 in Evocations
 11125 | D:9      | Got a spiked hat
 11131 | D:9      | Identified the +2 hat of Courage {Int+4 Slay-2 SInv} (You
                  | found it on level 9 of the Dungeon)
 11239 | D:9      | Noticed a two-headed ogre
 11243 | D:9      | Killed a two-headed ogre
 11243 | D:9      | Reached skill level 11 in Spellcasting
 11550 | D:9      | Found a staircase to the Lair.
 11854 | D:10     | Entered Level 10 of the Dungeon
 11863 | D:10     | You fall through a shaft for 2 floors!
 11893 | D:12     | Noticed a two-headed ogre
 11914 | D:12     | Killed a two-headed ogre
 12031 | D:12     | Reached XP level 11. HP: 62/62 MP: 21/28
 12111 | D:12     | Noticed an unseen horror
 12121 | D:12     | Killed an unseen horror
 12121 | D:12     | Reached skill level 5 in Dodging
 12162 | D:11     | Found a staircase to the Orcish Mines.
 12164 | D:11     | Reached ***** piety under Vehumet
 12164 | D:11     | Offered knowledge of Olgreb's Toxic Radiance by Vehumet.
 12170 | D:11     | Learned a level 4 spell: Olgreb's Toxic Radiance
 12326 | D:10     | Found a flagged portal.
 12337 | Bailey   | Entered a bailey
 12511 | Bailey   | Reached skill level 1 in Poison Magic
 12975 | Bailey   | Found a roughly hewn altar of Beogh.
 12975 | Bailey   | Noticed an orc knight
 12986 | Bailey   | Killed an orc knight
 12992 | Bailey   | Reached skill level 5 in Fighting
 14185 | Lair:1   | Entered Level 1 of the Lair of Beasts
 14324 | Lair:1   | Reached skill level 12 in Spellcasting
 14373 | Lair:1   | Reached skill level 5 in Evocations
 14584 | Lair:1   | Reached skill level 5 in Poison Magic
 14749 | Lair:1   | You fall through a shaft!
 14828 | Lair:2   | Noticed an eight-headed hydra
 14841 | Lair:2   | Killed an eight-headed hydra
 15000 | Lair:2   | Reached XP level 12. HP: 69/69 MP: 9/30
 15025 | Lair:2   | Offered knowledge of Conjure Ball Lightning by Vehumet.
 15276 | Lair:2   | Found a hole to the Spider Nest.
 15486 | Lair:2   | Found a staircase to the Swamp.
 16738 | Lair:3   | Noticed a seven-headed hydra
 16741 | Lair:3   | Killed a seven-headed hydra
 17098 | Lair:3   | Reached skill level 13 in Spellcasting
 17481 | Lair:3   | Identified a scroll of acquirement
 17537 | Lair:4   | Offered knowledge of Lee's Rapid Deconstruction by Vehumet.
 17805 | Lair:4   | Noticed an eight-headed hydra
 17873 | Lair:4   | Reached XP level 13. HP: 70/76 MP: 7/32
 18047 | Lair:4   | Reached skill level 14 in Spellcasting
 20171 | Lair:5   | Offered knowledge of Poison Arrow by Vehumet.
 20507 | Lair:6   | Entered Level 6 of the Lair of Beasts
 20830 | Lair:6   | Reached skill level 15 in Spellcasting
 20830 | Lair:6   | Reached skill level 10 in Fire Magic
 20946 | Lair:6   | Found a staircase to the Slime Pits.
 20946 | Lair:6   | Found a viscous altar of Jiyva.
 21325 | Lair:6   | Reached XP level 14. HP: 74/84 MP: 5/35
 22383 | Lair:6   | Got a fine graven amulet
 22384 | Lair:6   | Identified the amulet of Vodwiji {+Blink rF+ Regen+ Dex-2
                  | SInv} (You acquired it on level 6 of the Lair of Beasts)
 22512 | D:11     | Reached skill level 10 in Dodging
 22736 | D:11     | Offered knowledge of Bolt of Cold by Vehumet.
 23138 | D:12     | Learned a level 6 spell: Bolt of Cold
 23200 | D:12     | Noticed Nergalle
 23209 | D:12     | Killed Nergalle
 23226 | D:12     | Reached skill level 1 in Ice Magic
 24471 | D:13     | Reached skill level 16 in Spellcasting
 25201 | D:13     | Found a gate to the Vaults.
 25758 | D:14     | Reached ****** piety under Vehumet
 25775 | D:14     | Offered knowledge of Iron Shot by Vehumet.
 25786 | D:14     | Learned a level 6 spell: Iron Shot
 25811 | D:14     | Noticed a frost giant
 25821 | D:14     | Noticed a stone giant
 25821 | D:14     | a frost giant changed into a stone giant
 25850 | D:13     | a stone giant changed into a dire elephant
 26166 | D:14     | Reached skill level 1 in Earth Magic
 26167 | D:14     | Noticed Josephine
 26176 | D:14     | Killed Josephine
 26454 | D:14     | Reached skill level 10 in Fighting
 26454 | D:14     | Reached XP level 15. HP: 63/92 MP: 8/37
 26931 | D:14     | Reached skill level 5 in Ice Magic
 27213 | D:15     | Entered Level 15 of the Dungeon
 27469 | D:15     | Noticed Nessos
 27688 | D:15     | Noticed Louise
 27693 | D:15     | Killed Louise
 27815 | D:15     | Killed Nessos
 28028 | D:15     | Paralysed by an ogre mage for 5 turns
 28048 | D:15     | HP: 4/92 [two-headed ogre/+0 giant club (12)]
 28180 | D:15     | Shot with a bolt by a yaktaur

Vault maps used:
D:1:      elethiomel_arrival_infinity_welcomes_careful_drivers, minivault_26
D:2:      okawaru_trees_1
D:3:      minmay_misc_feat_rugged
D:4:      temple_statues, first_ration, cheibrodos_sewer_entry_bend
D:5:      kennysheep_little_box, uniq_duvessa
D:6:      kennysheep_generic_room_16
D:8:      grunt_pizzeria, uniq_maurice, uniq_grum
D:9:      dpeg_oklobed_lair, hangedman_minor_magic
D:10:     enter_bailey_3, nrook_guardian_serpent_ordinary
D:11:     orc_0_dummy
D:12:     serial_curves, eino_curves_02, eino_curves_01, eino_curves_03,
          uniq_nergalle
D:13:     erik_vaults_1, chequers_decorated_corner, grunt_ministairs_9
D:14:     chequers_serial_rivers_small_a, uniq_josephine
D:15:     grunt_enter_depths_snipers, chequers_serial_rivers_small_a,
          nicolae_trove_entry_crystal, uniq_louise, uniq_nessos
Temple:   roderic_octagonal_lattice_temple
Lair:2:   minmay_swamp_entry_swarm, spider_nest_entry_webs, grunt_megastairs_2
Lair:3:   special_room, beast_lair_carwin_10, lemuel_fruit_tree
Lair:4:   serial_bayou_shore_a, grunt_megastairs_3, infiniplex_staircase_pool_2
Lair:5:   grunt_forest_small_clearings, serial_bayou_shore_b,
          lemuel_fruit_fields
Lair:6:   minmay_lair_end_enchanted_forest, slime_altar_1
Sewer:    kennysheep_pipe_town
Bailey:   bailey_polearm_2, bailey

Skill      XL: |  1  2  3  4  5  6  7  8  9 10 11 12 13 14 15 |
---------------+----------------------------------------------+-----
Conjurations   | 2 3 4 5 7 9 10 11 12 13 | 13.2
Spellcasting   | 4 5 6 8 9 11 12 13 15 16 | 16.9
Fire Magic     | 4 5 6 7 8 9 10 | 10.8
Fighting       | 2 4 5 7 8 10 | 10.1
Dodging        | 4 6 8 9 10 | 10.2
Evocations     | 3 5 8 |  8.0
Poison Magic   | 6 8 |  8.0
Ice Magic      | 4 6 |  6.1
Earth Magic    | 2 4 |  4.2
Stealth        | |  2.4

Action                   |  1- 3 |  4- 6 |  7- 9 | 10-12 | 13-15 || total
-------------------------+-------+-------+-------+-------+-------++-------
Melee: Unarmed           |     3 |     1 |     3 |       |       ||     7
       Dagger            |       |       |    62 |       |       ||    62
       Mace              |       |       |     2 |       |       ||     2
       Demon blade       |       |       |       |    27 |     7 ||    34
 Cast: Flame Tongue      |    54 |   103 |   160 |   350 |   390 ||  1057
       Throw Flame       |     7 |    22 |    43 |    73 |    71 ||   216
       Sticky Flame      |       |     7 |    23 |    56 |    70 ||   156
       Conjure Flame     |       |     1 |    10 |    17 |    13 ||    41
       Fireball          |       |       |     8 |    45 |   145 ||   198
       Olgreb's Toxic Ra |       |       |       |    21 |    41 ||    62
       Iron Shot         |       |       |       |       |    16 ||    16
       Bolt of Cold      |       |       |       |       |     1 ||     1
Evoke: Wand              |       |       |       |     4 |    13 ||    17
  Use: Scroll            |       |     1 |     3 |     9 |    14 ||    27
       Potion            |       |       |       |     2 |     3 ||     5
 Stab: Sleeping          |     1 |       |       |       |       ||     1
  Eat: Chunk             |     4 |    10 |    12 |    28 |    28 ||    82
       Ration            |       |       |     1 |     2 |     1 ||     4
Armor: Robe              |     2 |    10 |    33 |    43 |    35 ||   123
Dodge: Dodged            |    15 |    39 |    86 |   150 |   165 ||   455
       Rpst.: Demon blade |       |       |       |    41 |    33 ||    74

Table legend:
 A = Non-vault XP
 B = Vault XP
 C = Vault XP percentage of total XP
 D = Non-vault monster count
 E = Vault monster count
 F = Vault count percentage of total count
                 A         B        C        D         E       F
            +---------+---------+-------+---------+---------+-------
      Total |   94098 |   28176 |  23.0 |     524 |     171 |  24.6
            +---------+---------+-------+---------+---------+-------
        D:1 |      27 |       0 |   0.0 |      17 |       0 |   0.0
        D:2 |      58 |       0 |   0.0 |      13 |       0 |   0.0
        D:3 |      55 |       0 |   0.0 |      23 |       0 |   0.0
        D:4 |     170 |      10 |   5.6 |      18 |       2 |  10.0
        D:5 |     341 |     219 |  39.1 |      13 |       2 |  13.3
        D:6 |    1062 |       0 |   0.0 |      30 |       0 |   0.0
        D:7 |    1694 |       0 |   0.0 |      40 |       0 |   0.0
        D:8 |    1318 |    1081 |  45.1 |      19 |       5 |  20.8
        D:9 |    2858 |     850 |  22.9 |      49 |      11 |  18.3
       D:10 |    1580 |     478 |  23.2 |      14 |       5 |  26.3
       D:11 |    4683 |       0 |   0.0 |      39 |       0 |   0.0
       D:12 |    8244 |     785 |   8.7 |      35 |       1 |   2.8
       D:13 |    5916 |    2429 |  29.1 |      21 |       6 |  22.2
       D:14 |   12056 |    1931 |  13.8 |      33 |       5 |  13.2
       D:15 |   12450 |    2905 |  18.9 |      22 |       2 |   8.3
     Lair:1 |    2676 |       0 |   0.0 |      12 |       0 |   0.0
     Lair:2 |    4934 |    1330 |  21.2 |      21 |       7 |  25.0
     Lair:3 |    2657 |    5400 |  67.0 |       9 |      34 |  79.1
     Lair:4 |   11284 |     298 |   2.6 |      38 |       3 |   7.3
     Lair:5 |    8883 |       0 |   0.0 |      33 |       0 |   0.0
     Lair:6 |   11152 |    8048 |  41.9 |      25 |      39 |  60.9
      Sewer |       0 |     337 | 100.0 |       0 |      24 | 100.0
     Bailey |       0 |    2075 | 100.0 |       0 |      25 | 100.0
            +---------+---------+-------+---------+---------+-------
